Avalanche vs Bruins
Created - 14 avril 2013 at 19:10
Goals
|
| Avalanche |
1 |
0 |
1 |
0 |
0 |
2 |
| Bruins |
1 |
1 |
0 |
0 |
1 |
3 |
|
Shots
|
| Avalanche |
7 |
11 |
8 |
1 |
3 |
27 |
| Bruins |
17 |
5 |
10 |
0 |
3 |
32 |
|
1st period
1. Avalanche , Mike Comrie 25 (Ryan Smyth, Jason Pominville) at 5:36
2. Bruins , Ryan O'Byrne 5 (Wojtek Wolski, Joe Corvo) at 13:56 (PP)
Penalties :
Antti Niemi (Col) for Delaying the game (Minor) at 2:42 - Dave Tanabe served the penalty, Michael Ryder (Bos) for Roughing (Minor) at 6:02, Mike Comrie (Col) for Roughing (Minor) at 13:08, Wojtek Wolski (Bos) for Holding (Minor) at 14:07, Mike Comrie (Col) for Tripping (Minor) at 14:07
2nd period
3. Bruins , Daniel Briere 27 (Eric Lindros, Wojtek Wolski) at 3:18 (PP)
Penalties :
Mattias Norstrom (Col) for Hooking (Minor) at 3:10
3rd period
4. Avalanche , Jack Johnson 5 (Chuck Kobasew, Maxim Talbot) at 17:45
Penalties :
Andrew Ladd (Col) for Tripping (Minor) at 3:22
Overtime #1
No Goal
Penalties :
No Penalty
Shootout
Penalty Shot by Ryan Smyth for Avalanche - Stopped by Evgeni Nabokov
Penalty Shot by Eric Lindros for Bruins - Stopped by Antti Niemi
Penalty Shot by Oleg Kvasha for Avalanche - Shot Misses the Net
Penalty Shot by Daniel Briere for Bruins - Stopped by Antti Niemi
Penalty Shot by Andrew Ladd for Avalanche - Stopped by Evgeni Nabokov
Penalty Shot by Wojtek Wolski for Bruins - Goal!
Penalties :
No Penalty
Goalie Stats
Antti Niemi (Col), 30 saves from 32 shots - (0,938), OTL, 18-23-5, 65:00 minutes
Evgeni Nabokov (Bos), 25 saves from 27 shots - (0,926), W, 33-16-6, 65:00 minutes
Players Stats for Avalanche
Player Name G A P +/- PIM S H SB GA TA FO MP PP MP PK MP
------------------------------------------------------------------------------------
Andrew Ladd 0 0 0 1 2 0 0 0 0 1 0/0 14:08 0:00 0:51
Brian Campbell 0 0 0 1 0 1 1 0 1 2 0/0 19:59 1:05 1:05
Chuck Kobasew 0 1 1 1 0 2 2 0 0 1 1/3 16:35 0:00 2:52
Dave Tanabe 0 0 0 1 0 4 0 3 1 2 0/0 25:15 1:05 0:57
Dustin Byfuglien 0 0 0 0 0 1 0 1 0 0 0/0 9:37 0:00 0:00
Éric Perrin 0 0 0 0 0 0 0 0 0 1 1/4 10:00 0:00 0:12
Jack Johnson 1 0 1 1 0 3 3 0 0 1 0/0 27:28 0:54 2:52
Jason Pominville 0 1 1 1 0 0 1 0 1 0 0/0 20:37 1:05 0:00
Jeff Taffe 0 0 0 0 0 0 1 0 0 0 0/0 10:11 0:00 0:34
John-Michael Liles 0 0 0 0 0 3 1 0 0 1 0/0 14:15 0:54 0:00
Marc Staal 0 0 0 0 0 0 1 0 0 3 0/0 22:44 0:00 2:52
Mattias Norstrom 0 0 0 1 2 0 0 1 1 1 0/0 19:42 0:00 2:02
Maxim Talbot 0 1 1 1 0 2 1 0 0 0 3/8 13:02 0:00 2:52
Mike Comrie 1 0 1 1 4 1 2 0 2 0 9/20 20:27 1:05 1:22
Oleg Kvasha 0 0 0 0 0 2 1 0 0 0 4/10 16:16 0:54 0:00
Radim Vrbata 0 0 0 0 0 1 2 0 1 0 0/1 16:39 0:54 0:00
Rostislav Olesz 0 0 0 0 0 3 2 0 0 0 0/1 14:39 0:54 0:00
Ryan Smyth 0 1 1 1 0 4 4 0 0 0 2/8 21:29 1:05 1:05
Players Stats for Bruins
Player Name G A P +/- PIM S H SB GA TA FO MP PP MP PK MP
------------------------------------------------------------------------------------
Andrew Alberts 0 0 0 -1 0 1 0 2 0 1 0/0 29:23 3:37 1:01
Christoph Schubert 0 0 0 0 0 0 0 2 0 0 0/0 14:32 0:00 0:00
Daniel Briere 1 0 1 0 0 3 3 0 1 2 1/2 23:05 3:09 0:59
Eric Lindros 0 1 1 0 0 1 2 0 3 0 20/29 23:06 3:09 0:59
Joe Corvo 0 1 1 -1 0 2 1 2 1 2 0/0 20:48 1:17 0:58
Matt Cooke 0 0 0 -1 0 3 0 0 0 0 0/0 10:57 0:00 0:30
Matt Hendricks 0 0 0 -1 0 1 1 0 1 0 0/2 8:07 0:00 0:00
Michael Ryder 0 0 0 -1 2 0 1 0 2 0 1/2 14:05 0:00 0:00
Richard Lintner 0 0 0 0 0 0 1 0 0 0 0/0 15:10 0:00 0:00
Ryan O'Byrne 1 0 1 -1 0 2 1 2 0 1 0/0 20:48 1:17 0:58
Scott Hartnell 0 0 0 0 0 6 3 1 1 1 2/3 19:56 1:45 0:48
Scottie Upshall 0 0 0 -1 0 2 3 0 1 0 0/1 13:40 0:00 0:12
Victor Oreskovich 0 0 0 -1 0 0 1 0 0 0 0/0 8:04 0:00 0:00
Vitali Yachmenev 0 0 0 0 0 4 0 0 0 0 1/1 16:25 1:45 0:00
Wayne Primeau 0 0 0 0 0 0 1 1 0 0 6/10 16:25 1:45 0:00
Wojtek Wolski 0 2 2 0 2 5 1 0 2 0 1/2 20:46 3:09 0:30
Zdeno Chara 0 0 0 -1 0 2 1 1 1 0 0/0 29:19 3:37 1:01
Zenon Konopka 0 0 0 -1 0 0 1 0 0 0 3/3 11:24 0:00 0:00
3 Stars
1 - Jack Johnson (Col)
2 - Daniel Briere (Bos)
3 - Ryan Smyth (Col)
Power Play
Avalanche - 0 on 1 Attempt(s) - 0,00%
Bruins - 2 on 4 Attempt(s) - 50,00%
Penalty Kill
Avalanche - 2 on 4 Attempt(s) - 50,00%
- Score 0 goal in Penalty Kill
Bruins - 1 on 1 Attempt(s) - 100,00%
- Score 0 goal in Penalty Kill
Official
Referees : Charron Francis and StPierre Justin
Linesman : Mark Pare and Brian Murphy
Game Notes
No Game Note
Finance
Level 1 -- Attendance: 4498 (74,97%) -- Ticket Income 445 302 $
Level 2 -- Attendance: 3562 (71,24%) -- Ticket Income 210 158 $
Level 3 -- Attendance: 2000 (100,00%) -- Ticket Income 58 000 $
Level 4 -- Attendance: 3474 (86,85%) -- Ticket Income 66 006 $
Luxury Box -- Attendance: 699 (69,90%) -- Ticket Income 132 111 $
Game was played at the TD Banknorth Garden
Total Attendance: 14233 (79,07%)
Total Ticket Income: 911 577 $
Total Income: 911 577 $
Avalanche
5 vs 5 Forward
Center Left Wing Right Wing Time % Phy DF OF
1 Mike Comrie Ryan Smyth Jason Pominville 40 1 2 2
2 Oleg Kvasha Rostislav Olesz Radim Vrbata 30 1 2 2
3 Maxim Talbot Andrew Ladd Chuck Kobasew 15 1 2 2
4 Éric Perrin Jeff Taffe Dustin Byfuglien 15 1 2 2
5 vs 5 Defense
Defense Defense Time % Phy DF OF
1 Dave Tanabe Jack Johnson 40 1 2 2
2 Marc Staal Brian Campbell 33 1 2 2
3 Mattias Norstrom John-Michael Liles 27 1 2 2
4 Jack Johnson Marc Staal 0 1 2 2
PowerPlay Forward
Center Left Wing Right Wing Time % Phy DF OF
1 Mike Comrie Ryan Smyth Jason Pominville 60 1 2 2
2 Oleg Kvasha Rostislav Olesz Radim Vrbata 40 1 2 2
PowerPlay Defense
Defense Defense Time % Phy DF OF
1 Brian Campbell Dave Tanabe 60 1 2 2
2 Jack Johnson John-Michael Liles 40 1 2 2
Penalty Kill 4 Players Forward
Center Wing Time % Phy DF OF
1 Maxim Talbot Chuck Kobasew 60 1 2 2
2 Mike Comrie Andrew Ladd 40 1 2 2
Penalty Kill 4 Players Defense
Defense Defense Time % Phy DF OF
1 Marc Staal Jack Johnson 60 1 2 2
2 Mattias Norstrom Dave Tanabe 40 1 2 2
Penalty Kill - 3 Players Forward
Forward Time % Phy DF OF
1 Ryan Smyth 60 1 2 2
2 Jason Pominville 40 1 2 2
Penalty Kill - 3 Players Defense
Defense Defense Time % Phy DF OF
1 Marc Staal Jack Johnson 60 1 2 2
2 Mattias Norstrom Dave Tanabe 40 1 2 2
4 vs 4 Forward
Center Wing Time % Phy DF OF
1 Ryan Smyth Jason Pominville 60 1 2 2
2 Oleg Kvasha Mike Comrie 40 1 2 2
4 vs 4 Defense
Defense Defense Time % Phy DF OF
1 Dave Tanabe Mattias Norstrom 60 1 2 2
2 Marc Staal Jack Johnson 40 1 2 2
Last Minutes Offensive
Center Left Wing Right Wing Defense Defense
Mike Comrie Ryan Smyth Jason Pominville Dave Tanabe Brian Campbell
Last Minutes Defensive
Center Left Wing Right Wing Defense Defense
Mike Comrie Ryan Smyth Jason Pominville Marc Staal Jack Johnson
Goaltenders
Starting : Antti Niemi
Backup : Patrick Lalime
Extra Forwards
Normal : Radim Vrbata, Chuck Kobasew, Andrew Ladd - PP : Andrew Ladd, Dustin Byfuglien - PK : Ryan Smyth
Extra Defensemen
Normal : Brian Campbell, Jack Johnson, Marc Staal - PP : Brian Campbell - PK : Jack Johnson, Marc Staal
Penalty Shots
Ryan Smyth, Oleg Kvasha, Andrew Ladd, Radim Vrbata, Mike Comrie
Bruins
5 vs 5 Forward
Center Left Wing Right Wing Time % Phy DF OF
1 Eric Lindros Wojtek Wolski Daniel Briere 40 1 2 2
2 Wayne Primeau Scott Hartnell Vitali Yachmenev 30 1 2 2
3 Zenon Konopka Scottie Upshall Michael Ryder 20 1 2 2
4 Matt Hendricks Matt Cooke Victor Oreskovich 10 1 2 2
5 vs 5 Defense
Defense Defense Time % Phy DF OF
1 Zdeno Chara Andrew Alberts 40 1 2 2
2 Ryan O'Byrne Joe Corvo 30 1 2 2
3 Richard Lintner Christoph Schubert 20 1 2 2
4 Zdeno Chara Andrew Alberts 10 1 2 2
PowerPlay Forward
Center Left Wing Right Wing Time % Phy DF OF
1 Eric Lindros Wojtek Wolski Daniel Briere 60 1 2 2
2 Wayne Primeau Scott Hartnell Vitali Yachmenev 40 1 2 2
PowerPlay Defense
Defense Defense Time % Phy DF OF
1 Zdeno Chara Andrew Alberts 60 1 2 2
2 Ryan O'Byrne Joe Corvo 40 1 2 2
Penalty Kill 4 Players Forward
Center Wing Time % Phy DF OF
1 Eric Lindros Daniel Briere 60 1 2 2
2 Wojtek Wolski Scott Hartnell 40 1 2 2
Penalty Kill 4 Players Defense
Defense Defense Time % Phy DF OF
1 Zdeno Chara Andrew Alberts 60 1 2 2
2 Ryan O'Byrne Joe Corvo 40 1 2 2
Penalty Kill - 3 Players Forward
Forward Time % Phy DF OF
1 Eric Lindros 60 1 2 2
2 Daniel Briere 40 1 2 2
Penalty Kill - 3 Players Defense
Defense Defense Time % Phy DF OF
1 Zdeno Chara Andrew Alberts 60 1 2 2
2 Ryan O'Byrne Joe Corvo 40 1 2 2
4 vs 4 Forward
Center Wing Time % Phy DF OF
1 Eric Lindros Daniel Briere 60 1 2 2
2 Wojtek Wolski Scott Hartnell 40 1 2 2
4 vs 4 Defense
Defense Defense Time % Phy DF OF
1 Zdeno Chara Andrew Alberts 60 1 2 2
2 Ryan O'Byrne Joe Corvo 40 1 2 2
Last Minutes Offensive
Center Left Wing Right Wing Defense Defense
Eric Lindros Wojtek Wolski Daniel Briere Zdeno Chara Andrew Alberts
Last Minutes Defensive
Center Left Wing Right Wing Defense Defense
Eric Lindros Wojtek Wolski Daniel Briere Zdeno Chara Andrew Alberts
Goaltenders
Starting : Evgeni Nabokov
Backup : Scott Clemmensen
Extra Forwards
Normal : Michael Ryder, Scottie Upshall, Matt Cooke - PP : Michael Ryder, Scottie Upshall - PK : Matt Cooke
Extra Defensemen
Normal : Richard Lintner, Christoph Schubert, Ryan O'Byrne - PP : Richard Lintner - PK : Christoph Schubert, Ryan O'Byrne
Penalty Shots
Eric Lindros, Daniel Briere, Wojtek Wolski, Scott Hartnell, Vitali Yachmenev
% Time on Ice - Avalanche
Lines # - Real PCT - Wanted PCT - Time Play
Normal Forward
1 - 35% - 40% - 17:42
2 - 27% - 30% - 13:50
3 - 20% - 15% - 10:10
4 - 18% - 15% - 9:26
Normal Defense
1 - 38% - 40% - 19:33
2 - 36% - 33% - 18:18
3 - 26% - 27% - 13:16
4 - 0% - 0% - 0:01
PP Forward
1 - 55% - 60% - 1:05
2 - 45% - 40% - 0:54
PP Defense
1 - 55% - 60% - 1:05
2 - 45% - 40% - 0:54
PK Forward
1 - 72% - 60% - 3:32
2 - 28% - 40% - 1:22
PK Defense
1 - 59% - 60% - 2:52
2 - 41% - 40% - 2:02
PK3 Forward
1 - 0% - 60%
2 - 0% - 40%
PK3 Defense
1 - 0% - 60%
2 - 0% - 40%
44 Forward
1 - 77% - 60% - 5:22
2 - 23% - 40% - 1:37
44 Defense
1 - 60% - 60% - 4:12
2 - 40% - 40% - 2:47
Last Minute Offensive - 0:00
Last Minute Defensive - 0:00
Total
Forward - 65:00
Defense - 65:00
|
% Time on Ice - Bruins
Lines # - Real PCT - Wanted PCT - Time Play
Normal Forward
1 - 31% - 40% - 16:00
2 - 31% - 30% - 15:40
3 - 22% - 20% - 11:24
4 - 16% - 10% - 8:04
Normal Defense
1 - 37% - 40% - 18:52
2 - 31% - 30% - 15:59
3 - 28% - 20% - 14:19
4 - 4% - 10% - 1:58
PP Forward
1 - 64% - 60% - 3:09
2 - 36% - 40% - 1:45
PP Defense
1 - 74% - 60% - 3:37
2 - 26% - 40% - 1:17
PK Forward
1 - 75% - 60% - 1:29
2 - 25% - 40% - 0:30
PK Defense
1 - 51% - 60% - 1:01
2 - 49% - 40% - 0:58
PK3 Forward
1 - 0% - 60%
2 - 0% - 40%
PK3 Defense
1 - 0% - 60%
2 - 0% - 40%
44 Forward
1 - 78% - 60% - 5:26
2 - 22% - 40% - 1:33
44 Defense
1 - 63% - 60% - 4:25
2 - 37% - 40% - 2:34
Last Minute Offensive - 0:00
Last Minute Defensive - 0:00
Total
Forward - 65:00
Defense - 65:00
|
Play by Play
1st period
0:01 of 1st period - Eric Lindros wins face-off versus Mike Comrie in neutral zone.
0:41 of 1st period - Slapshot by Ryan Smyth.
0:41 of 1st period - Deflect By Jason Pominville.
0:41 of 1st period - Shot Misses the Net.
0:41 of 1st period - Puck is out of play.
0:42 of 1st period - Oleg Kvasha wins face-off versus Wayne Primeau in Bruins zone.
1:07 of 1st period - Maxim Talbot is hit by Joe Corvo and loses puck.
1:38 of 1st period - Wrist shot by Dustin Byfuglien.
1:38 of 1st period - Stopped by Evgeni Nabokov without a rebound.
1:39 of 1st period - Scott Hartnell wins face-off versus Rostislav Olesz in Bruins zone.
1:41 of 1st period - Icing by Vitali Yachmenev.
1:42 of 1st period - Oleg Kvasha wins face-off versus Wayne Primeau in Bruins zone.
1:43 of 1st period - Snap shot by Radim Vrbata.
1:43 of 1st period - Deflect By Rostislav Olesz.
1:43 of 1st period - Shot Misses the Net.
1:43 of 1st period - Puck is out of play.
1:44 of 1st period - Wayne Primeau wins face-off versus Oleg Kvasha in Bruins zone.
2:32 of 1st period - Slapshot by Matt Cooke.
2:32 of 1st period - Shot Misses the Net.
2:34 of 1st period - Slapshot by Ryan O'Byrne.
2:34 of 1st period - Stopped by Antti Niemi without a rebound.
2:35 of 1st period - Mike Comrie wins face-off versus Matt Hendricks in Avalanche zone.
2:42 of 1st period - Snap shot by Matt Cooke.
2:42 of 1st period - Stopped by Antti Niemi without a rebound.
2:42 of 1st period - Minor Penalty to Antti Niemi for Delaying the game.
2:43 of 1st period - Eric Lindros wins face-off versus Maxim Talbot in Avalanche zone.
2:58 of 1st period - Wrist shot by Wojtek Wolski.
2:58 of 1st period - Stopped by Antti Niemi with a rebound.
3:00 of 1st period - Wrist shot by Wojtek Wolski.
3:00 of 1st period - Shot Misses the Net.
3:49 of 1st period - Mattias Norstrom is hit by Eric Lindros.
4:03 of 1st period - Eric Lindros is hit by Marc Staal and loses puck.
4:42 of 1st period - Penalty to Dave Tanabe is over, Dave Tanabe is back on ice.
5:34 of 1st period - Slapshot by Ryan Smyth.
5:34 of 1st period - Shot Misses the Net.
5:36 of 1st period - Snap shot by Mike Comrie.
5:36 of 1st period - Goal by Mike Comrie - Avalanche : 1 - Bruins : 0.
5:37 of 1st period - Mike Comrie wins face-off versus Scott Hartnell in neutral zone.
6:02 of 1st period - Minor Penalty to Michael Ryder for Roughing.
6:03 of 1st period - Mike Comrie wins face-off versus Eric Lindros in Bruins zone.
6:29 of 1st period - Eric Lindros is hit by Jack Johnson and loses puck.
8:02 of 1st period - Penalty to Michael Ryder is over, Michael Ryder is back on ice.
8:22 of 1st period - Snap shot by Eric Lindros.
8:22 of 1st period - Shot Misses the Net.
9:10 of 1st period - Snap shot by Vitali Yachmenev.
9:10 of 1st period - Stopped by Antti Niemi without a rebound.
9:11 of 1st period - Wayne Primeau wins face-off versus Maxim Talbot in Avalanche zone.
9:37 of 1st period - Mattias Norstrom is hit by Wayne Primeau.
9:45 of 1st period - Wrist shot by Scott Hartnell.
9:45 of 1st period - Shot Misses the Net.
9:47 of 1st period - Snap shot by Scott Hartnell.
9:47 of 1st period - Shot Misses the Net.
9:49 of 1st period - Wrist shot by Vitali Yachmenev.
9:49 of 1st period - Shot Misses the Net.
9:51 of 1st period - Snap shot by Scott Hartnell.
9:51 of 1st period - Stopped by Antti Niemi with a rebound.
9:53 of 1st period - Slapshot by Andrew Alberts.
9:53 of 1st period - Shot Blocked by Dave Tanabe.
9:55 of 1st period - Wrist shot by Scott Hartnell.
9:55 of 1st period - Stopped by Antti Niemi without a rebound.
9:56 of 1st period - Ryan Smyth wins face-off versus Eric Lindros in Avalanche zone.
10:21 of 1st period - Marc Staal is hit by Richard Lintner and loses puck.
10:28 of 1st period - Snap shot by Rostislav Olesz.
10:28 of 1st period - Stopped by Evgeni Nabokov with a rebound.
11:20 of 1st period - Snap shot by Radim Vrbata.
11:20 of 1st period - Shot Misses the Net.
11:22 of 1st period - Slapshot by Marc Staal.
11:22 of 1st period - Shot Blocked by Andrew Alberts.
12:31 of 1st period - Off-side.
12:32 of 1st period - Oleg Kvasha wins face-off versus Wayne Primeau in neutral zone.
12:41 of 1st period - Wrist shot by Vitali Yachmenev.
12:41 of 1st period - Shot Misses the Net.
12:47 of 1st period - Slapshot by Vitali Yachmenev.
12:47 of 1st period - Shot Misses the Net.
13:08 of 1st period - Minor Penalty to Mike Comrie for Roughing.
13:09 of 1st period - Eric Lindros wins face-off versus Maxim Talbot in Avalanche zone.
13:22 of 1st period - Wrist shot by Wojtek Wolski.
13:22 of 1st period - Shot Misses the Net.
13:24 of 1st period - Slapshot by Zdeno Chara.
13:24 of 1st period - Stopped by Antti Niemi without a rebound.
13:25 of 1st period - Maxim Talbot wins face-off versus Wayne Primeau in Avalanche zone.
13:38 of 1st period - Slapshot by Scott Hartnell.
13:38 of 1st period - Stopped by Antti Niemi with a rebound.
13:50 of 1st period - Snap shot by Daniel Briere.
13:50 of 1st period - Stopped by Antti Niemi with a rebound.
13:52 of 1st period - Slapshot by Joe Corvo.
13:52 of 1st period - Stopped by Antti Niemi with a rebound.
13:54 of 1st period - Slapshot by Wojtek Wolski.
13:54 of 1st period - Deflect By Chuck Kobasew.
13:54 of 1st period - Stopped by Antti Niemi with a rebound.
13:56 of 1st period - Slapshot by Ryan O'Byrne.
13:56 of 1st period - Goal by Ryan O'Byrne - Avalanche : 1 - Bruins : 1.
13:57 of 1st period - Mike Comrie wins face-off versus Eric Lindros in neutral zone.
14:07 of 1st period - Minor Penalty to Wojtek Wolski for Holding.
14:07 of 1st period - Minor Penalty to Mike Comrie for Tripping.
14:08 of 1st period - Eric Lindros wins face-off versus Ryan Smyth in neutral zone.
14:40 of 1st period - Dave Tanabe is hit by Daniel Briere and loses puck.
15:47 of 1st period - Jack Johnson is hit by Scottie Upshall and loses puck.
16:04 of 1st period - Jack Johnson is hit by Zdeno Chara and loses puck.
16:07 of 1st period - Penalty to Wojtek Wolski is over, Wojtek Wolski is back on ice.
16:07 of 1st period - Penalty to Mike Comrie is over, Mike Comrie is back on ice.
16:21 of 1st period - Andrew Ladd is hit by Wojtek Wolski and loses puck.
17:02 of 1st period - Slapshot by Wojtek Wolski.
17:02 of 1st period - Stopped by Antti Niemi with a rebound.
17:04 of 1st period - Slapshot by Wojtek Wolski.
17:04 of 1st period - Stopped by Antti Niemi with a rebound.
17:06 of 1st period - Wrist shot by Wojtek Wolski.
17:06 of 1st period - Deflect By Matt Cooke.
17:06 of 1st period - Stopped by Antti Niemi without a rebound.
17:07 of 1st period - Oleg Kvasha wins face-off versus Scottie Upshall in Avalanche zone.
17:12 of 1st period - Snap shot by Radim Vrbata.
17:12 of 1st period - Deflect By Oleg Kvasha.
17:12 of 1st period - Stopped by Evgeni Nabokov with a rebound.
17:14 of 1st period - Wrist shot by John-Michael Liles.
17:14 of 1st period - Stopped by Evgeni Nabokov without a rebound.
17:15 of 1st period - Zenon Konopka wins face-off versus Oleg Kvasha in Bruins zone.
17:28 of 1st period - Wrist shot by Oleg Kvasha.
17:28 of 1st period - Stopped by Evgeni Nabokov with a rebound.
17:30 of 1st period - Slapshot by John-Michael Liles.
17:30 of 1st period - Stopped by Evgeni Nabokov without a rebound.
17:31 of 1st period - Eric Lindros wins face-off versus Éric Perrin in Bruins zone.
17:54 of 1st period - Ryan O'Byrne is hit by Ryan Smyth and loses puck.
18:21 of 1st period - Snap shot by Scott Hartnell.
18:21 of 1st period - Stopped by Antti Niemi without a rebound.
18:22 of 1st period - Eric Lindros wins face-off versus Oleg Kvasha in Avalanche zone.
18:29 of 1st period - Wrist shot by Eric Lindros.
18:29 of 1st period - Stopped by Antti Niemi with a rebound.
19:48 of 1st period - Joe Corvo is hit by Radim Vrbata and loses puck.
2nd period
0:01 of 2nd period - Mike Comrie wins face-off versus Eric Lindros in neutral zone.
0:04 of 2nd period - Backhand shot by Ryan Smyth.
0:04 of 2nd period - Shot Hit the Post.
0:06 of 2nd period - Snap shot by Jason Pominville.
0:06 of 2nd period - Shot Misses the Net.
0:08 of 2nd period - Slapshot by Dave Tanabe.
0:08 of 2nd period - Shot Misses the Net.
0:10 of 2nd period - Slapshot by Dave Tanabe.
0:10 of 2nd period - Stopped by Evgeni Nabokov with a rebound.
0:12 of 2nd period - Slapshot by Dave Tanabe.
0:12 of 2nd period - Stopped by Evgeni Nabokov without a rebound.
0:13 of 2nd period - Mike Comrie wins face-off versus Wojtek Wolski in Bruins zone.
0:22 of 2nd period - Daniel Briere is hit by Ryan Smyth and loses puck.
0:50 of 2nd period - Off-side.
0:51 of 2nd period - Éric Perrin wins face-off versus Eric Lindros in neutral zone.
1:19 of 2nd period - Snap shot by Ryan Smyth.
1:19 of 2nd period - Stopped by Evgeni Nabokov with a rebound.
1:21 of 2nd period - Wrist shot by Brian Campbell.
1:21 of 2nd period - Deflect By Scott Hartnell.
1:21 of 2nd period - Stopped by Evgeni Nabokov without a rebound.
1:22 of 2nd period - Wayne Primeau wins face-off versus Mike Comrie in Bruins zone.
1:22 of 2nd period - Wayne Primeau is hit by Jason Pominville.
1:44 of 2nd period - Slapshot by Vitali Yachmenev.
1:44 of 2nd period - Shot Misses the Net.
1:54 of 2nd period - Wrist shot by Ryan Smyth.
1:54 of 2nd period - Shot Blocked by Scott Hartnell.
1:56 of 2nd period - Wrist shot by Dave Tanabe.
1:56 of 2nd period - Shot Blocked by Ryan O'Byrne.
1:58 of 2nd period - Slapshot by Ryan Smyth.
1:58 of 2nd period - Stopped by Evgeni Nabokov with a rebound.
2:00 of 2nd period - Slapshot by Dave Tanabe.
2:00 of 2nd period - Shot Blocked by Ryan O'Byrne.
2:02 of 2nd period - Slapshot by Mike Comrie.
2:02 of 2nd period - Shot Blocked by Joe Corvo.
2:16 of 2nd period - Backhand shot by Mike Comrie.
2:16 of 2nd period - Shot Blocked by Joe Corvo.
2:18 of 2nd period - Slapshot by Jack Johnson.
2:18 of 2nd period - Stopped by Evgeni Nabokov with a rebound.
2:24 of 2nd period - Snap shot by Ryan Smyth.
2:24 of 2nd period - Shot Misses the Net.
2:26 of 2nd period - Snap shot by Dave Tanabe.
2:26 of 2nd period - Stopped by Evgeni Nabokov without a rebound.
2:27 of 2nd period - Eric Lindros wins face-off versus Radim Vrbata in Bruins zone.
2:44 of 2nd period - Snap shot by Eric Lindros.
2:44 of 2nd period - Shot Blocked by Mattias Norstrom.
2:54 of 2nd period - John-Michael Liles is hit by Scottie Upshall and loses puck.
3:10 of 2nd period - Minor Penalty to Mattias Norstrom for Hooking.
3:11 of 2nd period - Eric Lindros wins face-off versus Chuck Kobasew in Avalanche zone.
3:18 of 2nd period - Snap shot by Daniel Briere.
3:18 of 2nd period - Goal by Daniel Briere - Avalanche : 1 - Bruins : 2.
3:19 of 2nd period - Mike Comrie wins face-off versus Daniel Briere in neutral zone.
5:26 of 2nd period - Snap shot by Oleg Kvasha.
5:26 of 2nd period - Shot Blocked by Wayne Primeau.
5:28 of 2nd period - Snap shot by Rostislav Olesz.
5:28 of 2nd period - Stopped by Evgeni Nabokov without a rebound.
5:29 of 2nd period - Wayne Primeau wins face-off versus Oleg Kvasha in Bruins zone.
5:29 of 2nd period - Wayne Primeau is hit by Jack Johnson.
5:53 of 2nd period - Daniel Briere is hit by Mike Comrie and loses puck.
6:00 of 2nd period - Snap shot by Wojtek Wolski.
6:00 of 2nd period - Stopped by Antti Niemi without a rebound.
6:01 of 2nd period - Eric Lindros wins face-off versus Mike Comrie in Avalanche zone.
6:55 of 2nd period - Icing by Wayne Primeau.
6:56 of 2nd period - Wayne Primeau wins face-off versus Mike Comrie in Bruins zone.
7:11 of 2nd period - Snap shot by Jason Pominville.
7:11 of 2nd period - Shot Blocked by Christoph Schubert.
7:19 of 2nd period - Dave Tanabe is hit by Scott Hartnell and loses puck.
7:57 of 2nd period - Snap shot by Ryan Smyth.
7:57 of 2nd period - Shot Misses the Net.
8:07 of 2nd period - Snap shot by Ryan Smyth.
8:07 of 2nd period - Stopped by Evgeni Nabokov with a rebound.
8:13 of 2nd period - Dave Tanabe is hit by Scott Hartnell and loses puck.
8:26 of 2nd period - Wrist shot by Scott Hartnell.
8:26 of 2nd period - Deflect By Vitali Yachmenev.
8:26 of 2nd period - Stopped by Antti Niemi without a rebound.
8:27 of 2nd period - Eric Lindros wins face-off versus Oleg Kvasha in Avalanche zone.
8:34 of 2nd period - Wrist shot by Daniel Briere.
8:34 of 2nd period - Deflect By Eric Lindros.
8:34 of 2nd period - Shot Misses the Net.
8:34 of 2nd period - Puck is out of play.
8:35 of 2nd period - Eric Lindros wins face-off versus Oleg Kvasha in Avalanche zone.
9:04 of 2nd period - Slapshot by Eric Lindros.
9:04 of 2nd period - Shot Misses the Net.
9:06 of 2nd period - Wrist shot by Andrew Alberts.
9:06 of 2nd period - Stopped by Antti Niemi with a rebound.
10:22 of 2nd period - Snap shot by Rostislav Olesz.
10:22 of 2nd period - Stopped by Evgeni Nabokov without a rebound.
10:23 of 2nd period - Zenon Konopka wins face-off versus Éric Perrin in Bruins zone.
10:48 of 2nd period - Joe Corvo is hit by Chuck Kobasew and loses puck.
11:33 of 2nd period - Snap shot by Scottie Upshall.
11:33 of 2nd period - Shot Blocked by Dave Tanabe.
11:45 of 2nd period - Snap shot by Michael Ryder.
11:45 of 2nd period - Shot Misses the Net.
11:47 of 2nd period - Slapshot by Scottie Upshall.
11:47 of 2nd period - Stopped by Antti Niemi with a rebound.
11:49 of 2nd period - Snap shot by Michael Ryder.
11:49 of 2nd period - Shot Misses the Net.
11:51 of 2nd period - Wrist shot by Michael Ryder.
11:51 of 2nd period - Shot Misses the Net.
12:21 of 2nd period - Slapshot by Dave Tanabe.
12:21 of 2nd period - Deflect By Maxim Talbot.
12:21 of 2nd period - Stopped by Evgeni Nabokov without a rebound.
12:22 of 2nd period - Scott Hartnell wins face-off versus Mike Comrie in Bruins zone.
12:27 of 2nd period - Vitali Yachmenev is hit by John-Michael Liles and loses puck.
14:34 of 2nd period - Eric Lindros is hit by Mike Comrie and loses puck.
16:49 of 2nd period - Scott Hartnell is hit by Rostislav Olesz and loses puck.
17:12 of 2nd period - Éric Perrin is hit by Zenon Konopka and loses puck.
18:00 of 2nd period - Marc Staal is hit by Daniel Briere and loses puck.
18:57 of 2nd period - Andrew Alberts is hit by Brian Campbell.
19:17 of 2nd period - Chuck Kobasew is hit by Matt Hendricks and loses puck.
19:28 of 2nd period - Ryan O'Byrne is hit by Oleg Kvasha and loses puck.
3rd period
0:01 of 3rd period - Mike Comrie wins face-off versus Eric Lindros in neutral zone.
0:26 of 3rd period - Zdeno Chara is hit by Radim Vrbata and loses puck.
0:31 of 3rd period - Snap shot by Rostislav Olesz.
0:31 of 3rd period - Shot Blocked by Andrew Alberts.
0:33 of 3rd period - Slapshot by Jack Johnson.
0:33 of 3rd period - Stopped by Evgeni Nabokov with a rebound.
0:35 of 3rd period - Snap shot by Oleg Kvasha.
0:35 of 3rd period - Shot Blocked by Zdeno Chara.
0:37 of 3rd period - Snap shot by Dave Tanabe.
0:37 of 3rd period - Stopped by Evgeni Nabokov with a rebound.
0:39 of 3rd period - Wrist shot by Radim Vrbata.
0:39 of 3rd period - Stopped by Evgeni Nabokov without a rebound.
0:40 of 3rd period - Eric Lindros wins face-off versus Éric Perrin in Bruins zone.
1:48 of 3rd period - Slapshot by Zdeno Chara.
1:48 of 3rd period - Stopped by Antti Niemi with a rebound.
1:50 of 3rd period - Wrist shot by Matt Cooke.
1:50 of 3rd period - Shot Blocked by Dave Tanabe.
1:52 of 3rd period - Snap shot by Matt Hendricks.
1:52 of 3rd period - Stopped by Antti Niemi with a rebound.
3:02 of 3rd period - Wrist shot by Rostislav Olesz.
3:02 of 3rd period - Shot Blocked by Christoph Schubert.
3:11 of 3rd period - Icing by Christoph Schubert.
3:12 of 3rd period - Maxim Talbot wins face-off versus Matt Hendricks in Bruins zone.
3:22 of 3rd period - Minor Penalty to Andrew Ladd for Tripping.
3:23 of 3rd period - Maxim Talbot wins face-off versus Eric Lindros in Avalanche zone.
3:38 of 3rd period - Snap shot by Daniel Briere.
3:38 of 3rd period - Stopped by Antti Niemi with a rebound.
3:52 of 3rd period - Wrist shot by Scott Hartnell.
3:52 of 3rd period - Stopped by Antti Niemi with a rebound.
4:16 of 3rd period - Dave Tanabe is hit by Ryan O'Byrne and loses puck.
4:50 of 3rd period - Daniel Briere is hit by Ryan Smyth and loses puck.
5:22 of 3rd period - Penalty to Andrew Ladd is over, Andrew Ladd is back on ice.
6:39 of 3rd period - Richard Lintner is hit by Rostislav Olesz and loses puck.
6:54 of 3rd period - Andrew Alberts is hit by Maxim Talbot and loses puck.
7:15 of 3rd period - Joe Corvo is hit by Jack Johnson and loses puck.
7:36 of 3rd period - Icing by Scottie Upshall.
7:37 of 3rd period - Wojtek Wolski wins face-off versus Mike Comrie in Bruins zone.
7:50 of 3rd period - Snap shot by Ryan Smyth.
7:50 of 3rd period - Stopped by Evgeni Nabokov with a rebound.
7:52 of 3rd period - Slapshot by John-Michael Liles.
7:52 of 3rd period - Deflect By Wojtek Wolski.
7:52 of 3rd period - Stopped by Evgeni Nabokov with a rebound.
8:07 of 3rd period - Off-side.
8:08 of 3rd period - Vitali Yachmenev wins face-off versus Mike Comrie in neutral zone.
8:17 of 3rd period - Snap shot by Scott Hartnell.
8:17 of 3rd period - Stopped by Antti Niemi with a rebound.
8:33 of 3rd period - Radim Vrbata is hit by Eric Lindros and loses puck.
10:21 of 3rd period - Chuck Kobasew is hit by Victor Oreskovich and loses puck.
11:51 of 3rd period - Slapshot by Matt Cooke.
11:51 of 3rd period - Stopped by Antti Niemi with a rebound.
11:53 of 3rd period - Wrist shot by Victor Oreskovich.
11:53 of 3rd period - Shot Blocked by Dustin Byfuglien.
11:55 of 3rd period - Snap shot by Joe Corvo.
11:55 of 3rd period - Deflect By Dustin Byfuglien.
11:55 of 3rd period - Stopped by Antti Niemi without a rebound.
11:56 of 3rd period - Wayne Primeau wins face-off versus Mike Comrie in Avalanche zone.
12:41 of 3rd period - Jack Johnson is hit by Scottie Upshall and loses puck.
12:50 of 3rd period - Wrist shot by Michael Ryder.
12:50 of 3rd period - Shot Misses the Net.
12:52 of 3rd period - Snap shot by Scottie Upshall.
12:52 of 3rd period - Stopped by Antti Niemi with a rebound.
13:02 of 3rd period - Richard Lintner is hit by Chuck Kobasew.
13:31 of 3rd period - Wrist shot by Scott Hartnell.
13:31 of 3rd period - Shot Misses the Net.
13:33 of 3rd period - Slapshot by Ryan O'Byrne.
13:33 of 3rd period - Shot Misses the Net.
13:35 of 3rd period - Slapshot by Vitali Yachmenev.
13:35 of 3rd period - Stopped by Antti Niemi without a rebound.
13:36 of 3rd period - Mike Comrie wins face-off versus Eric Lindros in Avalanche zone.
14:06 of 3rd period - Snap shot by Scott Hartnell.
14:06 of 3rd period - Shot Misses the Net.
14:08 of 3rd period - Slapshot by Vitali Yachmenev.
14:08 of 3rd period - Shot Misses the Net.
14:12 of 3rd period - Wrist shot by Vitali Yachmenev.
14:12 of 3rd period - Shot Misses the Net.
14:29 of 3rd period - Snap shot by Matt Cooke.
14:29 of 3rd period - Shot Misses the Net.
14:31 of 3rd period - Backhand shot by Matt Hendricks.
14:31 of 3rd period - Shot Misses the Net.
14:33 of 3rd period - Snap shot by Ryan O'Byrne.
14:33 of 3rd period - Deflect By Matt Cooke.
14:33 of 3rd period - Shot Misses the Net.
14:33 of 3rd period - Puck is out of play.
14:34 of 3rd period - Eric Lindros wins face-off versus Mike Comrie in Avalanche zone.
15:03 of 3rd period - Wayne Primeau is hit by Jeff Taffe and loses puck.
15:34 of 3rd period - Snap shot by Maxim Talbot.
15:34 of 3rd period - Stopped by Evgeni Nabokov without a rebound.
15:35 of 3rd period - Eric Lindros wins face-off versus Mike Comrie in Bruins zone.
15:35 of 3rd period - Eric Lindros is hit by Ryan Smyth.
16:35 of 3rd period - Snap shot by Scott Hartnell.
16:35 of 3rd period - Deflect By Chuck Kobasew.
16:35 of 3rd period - Shot Misses the Net.
16:35 of 3rd period - Puck is out of play.
16:36 of 3rd period - Eric Lindros wins face-off versus Maxim Talbot in Avalanche zone.
16:37 of 3rd period - Backhand shot by Daniel Briere.
16:37 of 3rd period - Shot Misses the Net.
16:39 of 3rd period - Snap shot by Daniel Briere.
16:39 of 3rd period - Deflect By Chuck Kobasew.
16:39 of 3rd period - Shot Misses the Net.
16:39 of 3rd period - Puck is out of play.
16:40 of 3rd period - Eric Lindros wins face-off versus Maxim Talbot in Avalanche zone.
17:43 of 3rd period - Wrist shot by Chuck Kobasew.
17:43 of 3rd period - Stopped by Evgeni Nabokov with a rebound.
17:45 of 3rd period - Slapshot by Jack Johnson.
17:45 of 3rd period - Goal by Jack Johnson - Avalanche : 2 - Bruins : 2.
17:46 of 3rd period - Zenon Konopka wins face-off versus Mike Comrie in neutral zone.
17:55 of 3rd period - Jason Pominville is hit by Michael Ryder and loses puck.
18:12 of 3rd period - Brian Campbell is hit by Scott Hartnell and loses puck.
18:17 of 3rd period - Slapshot by Scott Hartnell.
18:17 of 3rd period - Deflect By Vitali Yachmenev.
18:17 of 3rd period - Stopped by Antti Niemi with a rebound.
19:07 of 3rd period - Brian Campbell is hit by Daniel Briere and loses puck.
19:26 of 3rd period - Slapshot by Radim Vrbata.
19:26 of 3rd period - Shot Misses the Net.
19:28 of 3rd period - Slapshot by Radim Vrbata.
19:28 of 3rd period - Shot Misses the Net.
Overtime #1
0:01 of 1st overtime period - Daniel Briere wins face-off versus Ryan Smyth in neutral zone.
0:03 of 1st overtime period - Off-side.
0:04 of 1st overtime period - Eric Lindros wins face-off versus Ryan Smyth in neutral zone.
3:57 of 1st overtime period - Icing by Joe Corvo.
3:58 of 1st overtime period - Chuck Kobasew wins face-off versus Michael Ryder in Bruins zone.
3:59 of 1st overtime period - Snap shot by Jason Pominville.
3:59 of 1st overtime period - Deflect By Chuck Kobasew.
3:59 of 1st overtime period - Stopped by Evgeni Nabokov without a rebound.
4:00 of 1st overtime period - Michael Ryder wins face-off versus Chuck Kobasew in Bruins zone.
4:16 of 1st overtime period - Backhand shot by Michael Ryder.
4:16 of 1st overtime period - Deflect By Scottie Upshall.
4:16 of 1st overtime period - Shot Misses the Net.
4:16 of 1st overtime period - Puck is out of play.
4:17 of 1st overtime period - Eric Lindros wins face-off versus Ryan Smyth in Avalanche zone.
4:18 of 1st overtime period - Slapshot by Daniel Briere.
4:18 of 1st overtime period - Deflect By Eric Lindros.
4:18 of 1st overtime period - Shot Misses the Net.
4:18 of 1st overtime period - Puck is out of play.
4:19 of 1st overtime period - Eric Lindros wins face-off versus Ryan Smyth in Avalanche zone.
4:27 of 1st overtime period - Off-side.
4:28 of 1st overtime period - Eric Lindros wins face-off versus Ryan Smyth in neutral zone.
4:38 of 1st overtime period - Off-side.
4:39 of 1st overtime period - Ryan Smyth wins face-off versus Eric Lindros in neutral zone.
ShootOut
5:00 of 1st overtime period - Penalty Shot by Ryan Smyth for Avalanche.
5:00 of 1st overtime period - Snap shot by Ryan Smyth.
5:00 of 1st overtime period - Stopped by Evgeni Nabokov.
5:00 of 1st overtime period - Penalty Shot by Eric Lindros for Bruins.
5:00 of 1st overtime period - Backhand shot by Eric Lindros.
5:00 of 1st overtime period - Stopped by Antti Niemi.
5:00 of 1st overtime period - Penalty Shot by Oleg Kvasha for Avalanche.
5:00 of 1st overtime period - Deke by Oleg Kvasha.
5:00 of 1st overtime period - Shot Misses the Net.
5:00 of 1st overtime period - Penalty Shot by Daniel Briere for Bruins.
5:00 of 1st overtime period - Wrist shot by Daniel Briere.
5:00 of 1st overtime period - Stopped by Antti Niemi.
5:00 of 1st overtime period - Penalty Shot by Andrew Ladd for Avalanche.
5:00 of 1st overtime period - Deke by Andrew Ladd.
5:00 of 1st overtime period - Stopped by Evgeni Nabokov.
5:00 of 1st overtime period - Penalty Shot by Wojtek Wolski for Bruins.
5:00 of 1st overtime period - Snap shot by Wojtek Wolski.
5:00 of 1st overtime period - Goal by Wojtek Wolski.
Output by the SimonT Hockey Simulator (STHS) for François Prévost -- Original Page W3C XHTML 1.0 Valid